 Dungeon Crawl Stone Soup version 0.24-a0-443-g80245de385 (webtiles) character file.

Game seed: 14385828060942579491

1259 theanonym the Insei (level 8, -8/48 HPs)
             Began as an Octopode Transmuter on June 21, 2019.
             Was an Initiate of Cheibriados.
             Mangled by Prince Ribbit (12 damage)
             ... on level 6 of the Dungeon.
             The game lasted 00:13:27 (7951 turns).

theanonym the Insei (Octopode Transmuter)           Turns: 7951, Time: 00:13:28

Health: -8/48      AC:  1    Str: 11    XL:     8   Next: 51%
Magic:  14/14      EV: 13    Int: 18    God:    Cheibriados [......]
Gold:   235        SH:  0    Dex: 13    Spells: 1/15 levels left

rFire    . . .     SeeInvis .     - Unarmed
rCold    . . .     Gourm    .   (no shield)
rNeg     . . .     Faith    +   (helmet restricted)
rPois    .         Spirit   .   c - amulet of faith
rElec    .         Reflect  .   (no ring)
rCorr    .         Harm     .   (no ring)
MR       .....                  (no ring)
Stlth    ++........             (no ring)
HPRegen  0.16/turn              (no ring)
MPRegen  0.14/turn              (no ring)
                                (no ring)
                                (no ring)

@: about to teleport, very slow
A: almost no armour, stealthy swim, amphibious, 8 rings, constrict 8, camouflage
1, gelatinous body 1
a: Bend Time, Renounce Religion


Innate Abilities, Weirdness & Mutations

You cannot wear most types of armour.
You are very stealthy in the water. (Stealth+)
You are amphibious.
You can wear up to eight rings at the same time.
You can use your tentacles to constrict eight enemies at once.
Your skin changes colour to match your surroundings (Stealth+).
Your rubbery body absorbs attacks. (AC +1, EV +1)


   Skills:
 - Level 1.0 Fighting
 - Level 2.0 Dodging
 * Level 6.8 Unarmed Combat
 + Level 4.3 Spellcasting
 + Level 4.5 Transmutations
 * Level 4.9 Ice Magic


You had one spell level left.
You knew the following spells:

 Your Spells              Type           Power        Failure   Level  Hunger
a - Beastly Appendage     Tmut           ###...       2%          1    None
b - Sticks to Snakes      Tmut           ###.....     3%          2    ##.....
c - Ice Form              Ice/Tmut       ###.....     21%         4    ####...
d - Blade Hands           Tmut           ###.......   52%         5    ######.
l - Blink                 Tloc           N/A          22%         2    ##.....

Your spell library contained the following spells:

 Spells                   Type           Power        Failure   Level  Hunger
 Magic Dart               Conj           #...         14%         1    None
 Spider Form              Tmut/Pois      ##........   17%         3    ###....
 Call Imp                 Summ           #.......     22%         2    ##.....
 Slow                     Hex            #.......     22%         2    ##.....
 Conjure Flame            Conj/Fire      #.......     38%         3    ###....
 Mephitic Cloud           Conj/Pois/Air  #.......     38%         3    ###....

Skill      XL: |  1  2  3  4  5  6  7  8 |
---------------+-------------------------+-----
Unarmed Combat | 4 5 6 |  6.8
Transmutations | 3 4 |  4.5
Ice Magic      | 1 2 4 |  4.9
Spellcasting   | 3 4 |  4.3
Fighting       | |  1.0
Dodging        | |  2.0

Action                   |  1- 3 |  4- 6 |  7- 9 || total
-------------------------+-------+-------+-------++-------
Melee: Unarmed           |    74 |   141 |   132 ||   347
       Constrict         |    22 |    36 |    33 ||    91
       Tentacles         |    12 |    24 |    30 ||    66
       Kick              |     7 |    27 |    35 ||    69
       Punch             |       |     6 |    12 ||    18
Throw: Throwing net      |       |       |     1 ||     1
 Cast: Beastly Appendage |    10 |    15 |    21 ||    46
       Sticks to Snakes  |       |     8 |     5 ||    13
       Ice Form          |       |       |     2 ||     2
Evoke: Wand              |       |       |     1 ||     1
  Use: Scroll            |     6 |       |     3 ||     9
 Stab: Sleeping          |     2 |     6 |     2 ||    10
       Distracted        |     1 |       |     3 ||     4
  Eat: Chunk             |     2 |     1 |     5 ||     8
       Ration            |     1 |     2 |     2 ||     5
Armor: Skin              |    20 |    15 |       ||    35
Dodge: Dodged            |    62 |    71 |    62 ||   195
Block: Other             |       |     8 |    14 ||    22

Inventory:

Missiles
 a - 72 arrows
 m - a throwing net (quivered)
Jewellery
 c - an amulet of faith (around mantle)
 d - a +3 amulet of reflection
 j - an uncursed ring of ice
Wands
 k - a wand of paralysis (10)
Scrolls
 l - 2 scrolls of enchant armour
 n - 2 scrolls of remove curse
 p - 2 scrolls of amnesia
 r - a scroll of identify
Potions
 b - a potion of berserk rage
 f - a potion of brilliance {unknown}
 g - a potion of degeneration {unknown}
 h - a potion of haste {unknown}
 i - a potion of curing {unknown}
 o - a potion of resistance {unknown}
 q - a potion of cancellation {unknown}
Comestibles
 e - 6 rations


You were on level 6 of the Dungeon.
You worshipped Cheibriados.
Cheibriados was noncommittal.
You were not hungry.

You visited 2 branches of the dungeon, and saw 7 of its levels.

You collected 235 gold pieces.

Dungeon Overview and Level Annotations

Branches:
Dungeon (6/15)             Temple (1/1) D:6

Altars:
Ashenzari
Cheibriados
Dithmenos
Fedhas
Gozag
Hepliaklqana
Kikubaaqudgha
Makhleb
Nemelex Xobeh
Okawaru
Qazlal
Ru
Sif Muna
Trog
Uskayaw
Wu Jian
Xom
Yredelemnul
Zin
The Shining One

Shops:
D:4 [

Annotations:
D:6 Prince Ribbit, Sigmund

#...........#
...##...........#
................# #
#..#.##.##.....# #.
..#.$.....F...#
.()##....#.##.....#
.
#..@.##.#....<####
....##..F...##.##
#....@.##....#
#.##O...5.#..#
...##.#.#...# #.#..
..#.....# ..
#..##...O#.%.. .#
... .##.#..## ..##
.. .. ##.


You could see a two-headed ogre, Prince Ribbit, Sigmund and a crimson imp.

Notes
Turn   | Place    | Note
-------+----------+-------------------------------------------
     0 | D:1      | theanonym the Octopode Transmuter began the quest for the
                  | Orb.
     0 | D:1      | Reached XP level 1. HP: 13/13 MP: 3/3
   171 | D:1      | Reached XP level 2. HP: 16/18 MP: 5/5
   436 | D:1      | Found a shattered altar of Ashenzari.
   929 | D:1      | HP: 5/18 [leopard gecko (5)]
   931 | D:1      | Reached XP level 3. HP: 7/23 MP: 4/6
  1198 | D:1      | Learned a level 2 spell: Sticks to Snakes
  1452 | D:2      | HP: 6/23 [gnoll/+0 halberd (14)]
  1793 | D:2      | Reached skill level 4 in Unarmed Combat
  1793 | D:2      | Reached XP level 4. HP: 15/28 MP: 5/7
  2723 | D:2      | Learned a level 4 spell: Ice Form
  2908 | D:3      | Reached XP level 5. HP: 33/33 MP: 9/9
  2957 | D:3      | Reached skill level 3 in Transmutations
  3217 | D:3      | HP: 16/33 [jackal (2)]
  3404 | D:3      | Noticed an ogre
  3566 | D:3      | HP: 12/33 [orc wizard/magic dart (8)]
  3781 | D:3      | Reached skill level 1 in Ice Magic
  3939 | D:3      | Reached skill level 3 in Spellcasting
  4260 | D:4      | Found Xileret's Armour Shop.
  4268 | D:4      | Reached XP level 6. HP: 27/38 MP: 8/10
  4278 | D:4      | HP: 16/38 [centaur zombie (6)]
  4296 | D:4      | HP: 6/38 [iguana (12)]
  4308 | D:4      | Reached skill level 5 in Unarmed Combat
  4308 | D:4      | Reached skill level 2 in Ice Magic
  4369 | D:4      | HP: 14/38 [jackal (1)]
  4380 | D:4      | HP: 12/38 [elf skeleton (1)]
  4386 | D:4      | HP: 10/38 [elf skeleton (2)]
  4802 | D:4      | Reached XP level 7. HP: 25/43 MP: 10/12
  4814 | D:4      | Reached skill level 3 in Ice Magic
  4821 | D:4      | HP: 14/43 [human skeleton (8)]
  5083 | D:4      | HP: 21/43 [elf zombie (4)]
  5087 | D:4      | HP: 9/43 [elf zombie (6)]
  5386 | D:3      | Reached skill level 6 in Unarmed Combat
  5386 | D:3      | Reached skill level 4 in Transmutations
  5645 | D:3      | Learned a level 2 spell: Blink
  5655 | D:4      | HP: 21/43 [orc wizard/+0 dagger (2)]
  5861 | D:4      | Reached skill level 4 in Ice Magic
  5861 | D:4      | Reached XP level 8. HP: 35/48 MP: 11/13
  5865 | D:4      | HP: 24/48 [orc/boomerang (2)]
  5870 | D:4      | HP: 20/48 [poisoned by a worker ant]
  5877 | D:3      | HP: 16/48 [poisoned by a worker ant]
  5884 | D:3      | HP: 15/48 [poisoned by a worker ant]
  5892 | D:3      | HP: 14/48 [poisoned by a worker ant]
  6196 | D:4      | Reached skill level 4 in Spellcasting
  6511 | D:4      | Found a runed translucent door.
  6512 | D:4      | Noticed Crazy Yiuf
  6709 | D:4      | Killed Crazy Yiuf
  6742 | D:5      | Entered Level 5 of the Dungeon
  6888 | D:5      | Learned a level 5 spell: Blade Hands
  7728 | D:6      | Noticed Prince Ribbit
  7730 | D:6      | Found a staircase to the Ecumenical Temple.
  7733 | D:6      | Noticed a two-headed ogre
  7734 | D:6      | Noticed Sigmund
  7739 | Temple   | Entered the Ecumenical Temple
  7923 | Temple   | Became a worshipper of Cheibriados the Contemplative
  7951 | D:6      | HP: 19/48 [two-headed ogre/+0 giant club (29)]
  7951 | D:6      | HP: 4/48 [two-headed ogre/+0 giant club (15)]
  7951 | D:6      | Mangled by Prince Ribbit

Vanquished Creatures
  A necrophage (D:5)
  An ogre (D:3)
  An elf zombie (D:4)
  4 elf skeletons (D:4)
  2 hounds (D:5)
  2 orc priests (D:3)
  2 centaur zombies
  A human zombie (D:4)
  Crazy Yiuf (D:4)
  An iguana (D:4)
  3 human skeletons (D:4)
  5 orc wizards
  2 worker ants (D:4)
  6 adders
  5 gnolls
  A shadow imp (D:5)
  2 oozes
  4 worms
  2 dart slugs
  5 leopard geckos
  11 orcs
  4 giant cockroaches
  5 goblins
  8 hobgoblins
  10 jackals
  5 kobolds
  3 quokkas (D:5)
  3 ball pythons
  10 bats
  3 frilled lizards
  A giant cockroach zombie (D:5)
  An orc skeleton (D:4)
  An orc zombie (D:4)
  7 rats
123 creatures vanquished.

Vanquished Creatures (collateral kills)
  A scorpion (D:4)
  A gnoll (D:4)
2 creatures vanquished.

Grand Total: 125 creatures vanquished

Table legend:
 A = Turns spent in this place as a percentage of turns spent in the entire game.
 B = Non-inter-level travel turns spent in this place as a percentage of non-inter-level travel turns spent in the entire game.
 C = Inter-level travel turns spent in this place as a percentage of turns spent in this place.
 D = Turns resting spent in this place as a percentage of non-inter-level travel turns spent in this place.
 E = Turns spent auto-exploring this place as a percentage of non-inter-level travel turns spent in this place.
 F = Non-inter-level travel turns spent in this place divided by the number of levels of this place that you've seen.
                   A       B       C       D       E      F
               +-------+-------+-------+-------+-------+----------------------
         Total | 100.0 | 100.0 |   4.9 |  43.7 |  41.4 | 1080.0
       Dungeon |  97.3 |  97.8 |   4.5 |  44.7 |  40.3 | 1231.7
        Temple |   2.7 |   2.2 |  19.8 |   0.0 |  89.4 | 170.0
               +-------+-------+-------+-------+-------+----------------------
